 Dungeon Crawl Stone Soup version 0.25.1-2-g60ff931df9 (webtiles) character file.

Game seed: 15584749822627398718

5284 DearestLeader the Destroyer (level 10, -1/56 HPs)
             Began as a Deep Elf Conjurer on Nov 13, 2020.
             Was a Follower of Vehumet.
             Slain by a vampire (3 damage)
             ... on level 11 of the Dungeon.
             The game lasted 00:20:40 (9727 turns).

DearestLeader the Destroyer (Deep Elf Conjurer)     Turns: 9727, Time: 00:20:40

Health: -1/56      AC:  8    Str:  5    XL:     10   Next: 37%
Magic:  10/24      EV: 16    Int: 30    God:    Vehumet [*.....]
Gold:   477        SH:  0    Dex: 15    Spells: 11/26 levels left

rFire    + . .     SeeInvis .   z - +9 flail of the Queen {vorpal, Int+6}
rCold    + + .     Gourm    .   (no shield)
rNeg     . . .     Faith    .   a - +0 robe
rPois    +         Spirit   .   y - +1 hat
rElec    +         Reflect  .   I - +0 cloak
rCorr    +         Harm     .   (no gloves)
MR       +....                  (no boots)
Stlth    ++........             (no amulet)
HPRegen  0.18/turn              b - ring of protection from cold
MPRegen  0.19/turn              t - +4 ring of protection

@: brilliant, resistant, very slightly contaminated
A: no striking features
a: Renounce Religion


You were on level 11 of the Dungeon.
You worshipped Vehumet.
Vehumet was aware of your devotion.
You were not hungry.

You visited 2 branches of the dungeon, and saw 11 of its levels.

You collected 477 gold pieces.

Inventory:

Hand Weapons
 h - a +0 dagger
 u - a +2 dagger of draining
 z - the +9 flail of the Queen (weapon) {vorpal, Int+6}
   (You found it on level 4 of the Dungeon)

   It inflicts extra damage upon your enemies.
   It affects your intelligence (+6).
 D - the +5 hand axe of Precise Incision {protect, +Fly rN+ Dex-5}
   (You found it on level 6 of the Dungeon)

   It grants its wielder temporary protection when it strikes (+7 to AC).
   It affects your dexterity (-5).
   It protects you from negative energy.
   It lets you fly.
Armour
 a - a +0 robe (worn)
 y - a +1 hat (worn)
 I - a +0 cloak (worn)
Jewellery
 b - a ring of protection from cold (left hand)
 t - a +4 ring of protection (right hand)
 B - an uncursed amulet of faith
 H - a cursed amulet of inaccuracy
 K - an uncursed ring of wizardry
Wands
 m - a wand of flame (24)
 x - a wand of random effects (12)
 J - a wand of paralysis (8)
 L - a wand of iceblast (9)
 M - a wand of polymorph (8)
Scrolls
 f - 3 scrolls of enchant weapon
 i - 4 scrolls of enchant armour
 k - 8 scrolls of remove curse
 r - 5 scrolls of teleportation
 s - a scroll of immolation
 v - a scroll of magic mapping {unknown}
 F - a scroll of fear {unknown}
 N - 3 scrolls of fog
 O - a scroll of holy word {unknown}
Potions
 d - 2 potions of haste
 e - 3 potions of lignification {unknown}
 g - 3 potions of resistance
 j - a potion of curing
 l - a potion of mutation {unknown}
 n - a potion of might {unknown}
 o - a potion of ambrosia {unknown}
 p - 3 potions of brilliance
 w - 2 potions of flight {unknown}
 C - 3 potions of heal wounds {unknown}
 E - 4 potions of cancellation {unknown}
 G - a potion of stabbing {unknown}
 P - a potion of magic {unknown}
Comestibles
 c - 17 rations


   Skills:
 - Level 3.0 Fighting
 + Level 7.0 Dodging
 - Level 2.4 Stealth
 + Level 8.8 Spellcasting
 * Level 12.2 Conjurations
 - Level 6.0 Hexes
 + Level 2.3 Translocations
 + Level 2.8 Poison Magic


You had 11 spell levels left.
You knew the following spells:

 Your Spells              Type           Power        Failure   Level  Hunger
a - Magic Dart            Conj           ####         1%          1    None
b - Searing Ray           Conj           ######       1%          2    None
c - Fulminant Prism       Conj/Hex       #######...   1%          4    None
d - Dazzling Flash        Conj/Hex       ######       1%          3    None
e - Mephitic Cloud        Conj/Pois/Air  ######..     1%          3    None
f - Blink                 Tloc           N/A          2%          2    None

Your spell library contained the following spells:

 Spells                   Type           Power        Failure   Level  Hunger
 Freeze                   Ice            ###.         4%          1    None
 Slow                     Hex            ######..     1%          2    None
 Conjure Flame            Conj/Fire      ######..     1%          3    None
 Iskenderun's Mystic Bla  Conj/Tloc      ######..     1%          4    None
 Call Imp                 Summ           ###.....     6%          2    None


Dungeon Overview and Level Annotations

Branches:
Dungeon (9/15)             Temple (1/1) D:7
   Lair: D:8-11         Orc: D:9-12

Altars:
Ashenzari
Cheibriados
Dithmenos
Elyvilon
Fedhas
Gozag
Hepliaklqana
Makhleb
Nemelex Xobeh
Okawaru
Ru
Trog
Uskayaw
Vehumet
Wu Jian
Xom
Yredelemnul
Zin
The Shining One

Annotations:
D:8 2 transporters, DearestLeader's ghost, novice DrCj


Message History

Aiming: Searing Ray (safe; 1% risk of failure)
Press: ? - help, Shift-Dir - straight line The searing ray hits something. (Press . to maintain the ray.)
Something hits you! Something bites you.
Something draws strength from your injuries!
Something hits you but does no damage. Something barely misses you.
The searing ray hits something.
Unholy energy fills the air.
* * * LOW HITPOINT WARNING * * *
You finish channeling your searing ray.
Something hits you but does no damage. Something bites you!
* * * LOW HITPOINT WARNING * * *
Something draws strength from your injuries!
It was a potion of resistance.
You feel protected. Something hits you but does no damage.
Something bites you but does no damage.
It was a potion of brilliance.
You feel clever all of a sudden. Something barely misses you.
Something bites you.
You die...

.# .# .#
.# .#
##.######
#...$...?
#.# #@#
#{#######
#.#.....#
#..†#
#......##
###....#
#...(#
#..####
#.#


There were no monsters in sight!

Vanquished Creatures
  A deep elf mage (D:11)
  Prince Ribbit (D:7)
  A hippogriff (D:8)
  A spriggan (D:7)
  A shadow (D:8)
  A wyvern (D:9)
  Eustachio (D:4)
  A basilisk (D:9)
  A hungry ghost (D:9)
  A vampire mosquito (D:11)
  A water moccasin (D:7)
  Duvessa (D:4)
  4 orc warriors
  2 sky beasts
  4 black bears
  A necrophage (D:7)
  2 ice beasts (D:7)
  3 ogres
  3 centaurs
  A big kobold (D:7)
  2 bullfrogs
  Dowan (D:4)
  A howler monkey (D:5)
  2 crimson imps (D:8)
  A quasit (D:7)
  2 bullfrog zombies
  13 orc wizards
  A hound (D:8)
  A jelly (D:7)
  6 orc priests
  2 bullfrog skeletons
  A centaur skeleton (D:6)
  3 iguanas
  Terence (D:2)
  Natasha (thrice) (D:2)
  5 worker ants
  A howler monkey zombie (D:5)
  3 gnolls (D:8)
  9 adders
  2 adder skeletons
  2 worms
  2 dart slugs
  4 leopard geckos
  34 orcs
  A ball python (D:2)
  4 bats (D:3)
  2 giant cockroaches
  3 goblins
  4 hobgoblins
  8 jackals
  9 kobolds
  A quokka (D:4)
  2 frilled lizards
  A jackal zombie (D:6)
  A leopard gecko skeleton (D:4)
  5 rats
175 creatures vanquished.

Vanquished Creatures (others)
  6 fulminant prisms
6 creatures vanquished.

Grand Total: 181 creatures vanquished

Notes
Turn   | Place    | Note
-------+----------+-------------------------------------------
     0 | D:1      | DearestLeader the Deep Elf Conjurer began the quest for the
                  | Orb.
     0 | D:1      | Reached XP level 1. HP: 10/10 MP: 6/6
   975 | D:2      | Reached XP level 2. HP: 13/15 MP: 2/8
  1076 | D:2      | Reached skill level 5 in Conjurations
  1328 | D:2      | Reached XP level 3. HP: 19/19 MP: 7/9
  1471 | D:2      | Noticed Terence
  1492 | D:2      | Killed Terence
  1492 | D:2      | Reached skill level 6 in Conjurations
  1496 | D:2      | Learned a level 2 spell: Searing Ray
  1666 | D:2      | Noticed Natasha
  1674 | D:2      | Killed Natasha
  1674 | D:2      | Reached XP level 4. HP: 23/24 MP: 1/10
  1759 | D:2      | Noticed Natasha
  1764 | D:2      | Killed Natasha
  1905 | D:2      | Noticed Natasha
  1910 | D:2      | Killed Natasha
  2039 | D:3      | Reached skill level 7 in Conjurations
  2039 | D:3      | Reached XP level 5. HP: 28/28 MP: 4/11
  2310 | D:3      | Learned a level 4 spell: Fulminant Prism
  2405 | D:3      | Reached skill level 1 in Hexes
  2644 | D:3      | You fall into a shaft and drop 2 floors!
  2644 | D:5      | Entered Level 5 of the Dungeon
  2751 | D:4      | Reached XP level 6. HP: 22/32 MP: 4/12
  2757 | D:4      | Got a faintly glowing bone ring
  2760 | D:4      | Identified the cursed ring "Adenomoa" {+Blink AC-4 Int+3
                  | Dex-5} (You found it on level 4 of the Dungeon)
  3304 | D:4      | Noticed Dowan
  3307 | D:4      | Noticed Duvessa
  3328 | D:4      | Killed Dowan
  3328 | D:4      | Reached skill level 8 in Conjurations
  3365 | D:4      | Killed Duvessa
  3508 | D:4      | Got a twisted flail
  3568 | D:4      | Reached XP level 7. HP: 36/36 MP: 10/14
  3658 | D:4      | Noticed Eustachio
  3665 | D:4      | Killed Eustachio
  3665 | D:4      | Reached skill level 5 in Hexes
  4278 | D:5      | Learned a level 3 spell: Dazzling Flash
  4307 | D:5      | Found a hazy altar of Hepliaklqana.
  4748 | D:6      | Reached skill level 9 in Conjurations
  4900 | D:6      | Got a transparent hand axe
  4900 | D:6      | Identified the +5 hand axe of Precise Incision {protect,
                  | +Fly rN+ Dex-5} (You found it on level 6 of the Dungeon)
  4901 | D:6      | Identified the +9 flail of the Queen {vorpal, Int+6} (You
                  | found it on level 4 of the Dungeon)
  5161 | D:6      | Reached XP level 8. HP: 41/41 MP: 13/17
  5203 | D:6      | Found a blossoming altar of Fedhas.
  5212 | D:6      | Reached skill level 5 in Spellcasting
  5375 | D:6      | Found a glowing golden altar of the Shining One.
  5375 | D:6      | Found a burning altar of Makhleb.
  5399 | D:6      | Found a faded altar of an unknown god.
  5401 | D:6      | Found an ornate altar of the Wu Jian Council.
  5403 | D:6      | Found a snail-covered altar of Cheibriados.
  5671 | D:6      | Found a shattered altar of Ashenzari.
  6087 | D:6      | Found a shimmering altar of Xom.
  6309 | D:7      | Found a staircase to the Ecumenical Temple.
  6315 | D:7      | Reached skill level 1 in Fighting
  6333 | D:7      | Reached skill level 10 in Conjurations
  6429 | D:7      | Noticed Prince Ribbit
  6432 | Temple   | Entered the Ecumenical Temple
  6665 | Temple   | Became a worshipper of Vehumet
  6699 | D:7      | Reached XP level 9. HP: 49/49 MP: 14/20
  6701 | D:7      | Killed Prince Ribbit
  6946 | D:7      | Found an iron altar of Okawaru.
  7301 | D:7      | Reached skill level 5 in Dodging
  7410 | D:7      | Reached skill level 11 in Conjurations
  7524 | D:7      | Found a sacrificial altar of Ru.
  7792 | D:7      | Found a white marble altar of Elyvilon.
  7925 | D:8      | Learned a level 3 spell: Mephitic Cloud
  7928 | D:8      | Learned a level 2 spell: Blink
  7953 | D:8      | Reached * piety under Vehumet
  7953 | D:8      | Offered knowledge of Freeze by Vehumet.
  8667 | D:8      | Reached skill level 1 in Poison Magic
  8667 | D:8      | Reached XP level 10. HP: 56/56 MP: 19/24
  8767 | D:8      | Found a transporter.
  8769 | D:8      | Noticed a skeletal warrior
  8770 | D:8      | Noticed a four-headed hydra
  8772 | D:8      | Noticed DearestLeader's ghost (novice DrCj)
  8777 | D:8      | Found a transporter.
  9067 | D:8      | Found a hide-covered altar of Uskayaw.
  9539 | D:9      | Reached skill level 1 in Translocations
  9628 | D:9      | Reached skill level 12 in Conjurations
  9686 | D:9      | You fall into a shaft and drop 2 floors!
  9687 | D:11     | Noticed a deep elf mage
  9699 | D:11     | Killed a deep elf mage
  9725 | D:11     | HP: 1/56 [something (10)]
  9727 | D:11     | Slain by a vampire

Illustrated notes

Levels and vault maps discovered:
D:1:      lightli_arrival_windingriver, layout_basic
D:2:      layout_rooms, uniq_natasha, uniq_terence
D:3:      layout_basic
D:4:      layout_basic, uniq_duvessa, uniq_eustachio
D:5:      layout_rooms, kennysheep_mini_moat, first_ration
D:6:      layout_cave_pods, nicolae_overflow_hidden_temple,
          overflow_temple_1_default, lemuel_round_altar,
          chequers_temple_overflow_minitemple, minmay_misc_feat_cross
D:7:      layout_loops_cross, marbit_many_paths, overflow_temple_1_default,
          minmay_temple_entry_arrows, the_bakery, okawaru_gym_becter,
          uniq_prince_ribbit1
D:8:      layout_basic, eat_drink_and_be_merry_uskayaw, gammafunk_ghost_arena
D:9:      lemuel_ice_spiral_2, layout_basic, erik_lair_dragon
D:11:     layout_loops_ring, orc_0_dummy, portal_ice_cave_entry_imps,
          minmay_bent, uniq_psyche, uniq_gastronok
Temple:   jpeg_temple_clearing

Skill      XL: |  1  2  3  4  5  6  7  8  9 10 |
---------------+-------------------------------+-----
Conjurations   | 5 6 7 8 9 10 11 12 | 12.2
Hexes          | 2 4 6 |  6.0
Spellcasting   | 4 6 8 |  8.8
Dodging        | 4 6 7 |  7.0
Fighting       | 2 3 |  3.0
Poison Magic   | 1 2 |  2.8
Translocations | 2 |  2.3
Stealth        | |  2.4

Action                   |  1- 3 |  4- 6 |  7- 9 | 10-12 || total
-------------------------+-------+-------+-------+-------++-------
Melee: Dagger            |     9 |     8 |    11 |       ||    28
       Flail             |       |       |    55 |    17 ||    72
 Cast: Magic Dart        |    66 |    25 |    20 |       ||   111
       Searing Ray       |     1 |    20 |    59 |    14 ||    94
       Fulminant Prism   |       |       |     5 |     1 ||     6
       Dazzling Flash    |       |       |     3 |       ||     3
       Mephitic Cloud    |       |       |     1 |       ||     1
  Use: Scroll            |       |     6 |     1 |     4 ||    11
       Potion            |       |       |     1 |     2 ||     3
 Stab: Confused          |       |       |     1 |       ||     1
  Eat: Chunk             |     2 |     7 |    15 |     2 ||    26
       Ration            |       |       |       |     1 ||     1
Armor: Robe              |     2 |    17 |    47 |    11 ||    77
Dodge: Dodged            |    14 |    51 |   128 |    37 ||   230
